 Dungeon Crawl Stone Soup version 0.20-a0-809-gaf7f668 (console) character file.

59 nht the Insei (level 4, 0/32 HPs)
             Began as a Merfolk Transmuter on Mar 3, 2017.
             Was an Initiate of Gozag.
             Slain by a worm (9 damage)
             ... on level 2 of the Dungeon.
             The game lasted 00:02:27 (2078 turns).

nht the Insei (Merfolk Transmuter)                  Turns: 2078, Time: 00:02:28

Health: 0/32       AC:  3    Str: 10    XL:     4   Next: 3%
Magic:  7/7        EV: 13    Int: 13    God:    Gozag
Gold:   121        SH:  0    Dex: 14    Spells: 1/7 levels left

rFire    . . .     SeeInvis .     - Unarmed
rCold    . . .     Gourm    .   b - +0 robe
rNeg     . . .     Faith    .   (no shield)
rPois    .         Spirit   .   e - +0 helmet
rElec    .         Reflect  .   (no cloak)
rCorr    .         Harm     .   (no gloves)
MR       .....                  (no boots)
Stlth    +.........             (no amulet)
Regen    0.1/turn               (no ring)
MPRegen  0.1/turn               (no ring)

@: no status effects
A: change form in water, swift swim, stealthy swim
a: Potion Petition, Call Merchant, Bribe Branch, Renounce Religion


You were on level 2 of the Dungeon.
You worshipped Gozag.
Gozag was aware of your devotion.
You were near starving.

You visited 1 branch of the dungeon, and saw 2 of its levels.

You collected 139 gold pieces.
You paid 18 gold pieces to Gozag.

Inventory:

Missiles
 a - 25 arrows
 h - 8 javelins (quivered)
 n - 4 poisoned needles
Armour
 b - a +0 robe (worn)
 e - a +0 helmet (worn)
Jewellery
 j - a cursed -2 ring of evasion {unknown}
Scrolls
 i - a scroll of teleportation {unknown}
 m - a scroll of remove curse {unknown}
 p - a scroll of recharging {unknown}
Potions
 f - a potion of ambrosia {unknown}
 l - a potion of haste {unknown}
Books
 c - a book of Changes

   Spells                             Type                      Level
   a - Beastly Appendage              Transmutation                1
   b - Sticks to Snakes               Transmutation                2
   c - Spider Form                    Transmutation/Poison         3
   d - Ice Form                       Ice/Transmutation            4
   e - Blade Hands                    Transmutation                5
Comestibles
 d - 2 bread rations
 g - 6 fruits
 k - 2 royal jellies
 o - a meat ration


   Skills:
 - Level 1.1 Fighting
 - Level 2.6 Dodging
 * Level 4.7 Unarmed Combat
 - Level 2.0 Spellcasting
 + Level 3.7 Transmutations


You had one spell level left.
You knew the following spells:

 Your Spells              Type           Power        Failure   Level  Hunger
a - Beastly Appendage     Tmut           ##....       8%          1    ##.....
b - Sticks to Snakes      Tmut           ##......     10%         2    ###....
c - Spider Form           Tmut/Pois      #.........   38%         3    ####...


Dungeon Overview and Level Annotations

Branches:
Dungeon (2/15)

Altars:
Gozag

Annotations:
D:2 1 runed door


Message History

The worm is moderately wounded.
A worm is nearby!
You hit the worm.
The worm is heavily wounded.
The worm bites you!
* * * LOW HITPOINT WARNING * * *
A worm is nearby!
You hit the worm.
The worm is severely wounded.
A worm is nearby!
You barely miss the worm.
The worm is severely wounded.
The worm closely misses you.
You hit the worm.
The worm is almost dead.
You hit the worm but do no damage.
The worm is almost dead.
The worm bites you!
You die...
Your body crumbles into a pile of gold. .█████████.█ ██████████.█ .██........█ █.█ █ .██.████████ █.█████ ....█ ███ █....█. .█..███████ █.. █...... .█........█ █.█ █....█. .█..█████.██ █.█ █.█ █.█.███ .█....██...██ █w█

█.█ █.█.█ █ .█.██.....█.█ █@█ █.█
█.█.█ .█.██..█.█.██ █.█ █.█ █.█.█
██.██..██.██ █.█ █.█ █.█.█
██.██..████ █)█ █.█ █.█.█
██.██..█████████.█ █.███.█.█
██.██............██████.......███
██.██.....██████.................
...███..█<█ █.████.███████████


████ █..█.█ █.█ █.█ You could see a worm.

Vanquished Creatures
  An adder (D:2)
  3 dart slugs
  A leopard gecko (D:1)
  A ball python (D:2)
  A giant cockroach (D:1)
  A goblin (D:1)
  6 hobgoblins
  3 jackals (D:2)
  5 kobolds
  3 quokkas (D:2)
  4 bats
  2 frilled lizards (D:1)
  A rat (D:1)
32 creatures vanquished.

Vanquished Creatures (collateral kills)
  An adder (D:2)
1 creature vanquished.

Grand Total: 33 creatures vanquished

Notes
Turn   | Place    | Note
-------+----------+-------------------------------------------
     0 | D:1      | nht the Merfolk Transmuter began the quest for the Orb.
     0 | D:1      | Reached XP level 1. HP: 15/15 MP: 3/3
   538 | D:1      | Reached XP level 2. HP: 16/21 MP: 5/5
   584 | D:1      | Learned a level 2 spell: Sticks to Snakes
  1245 | D:2      | Reached skill level 4 in Unarmed Combat
  1339 | D:2      | Reached XP level 3. HP: 22/26 MP: 6/6
  1384 | D:2      | Found an opulent altar of Gozag.
  1506 | D:2      | Became a worshipper of Gozag Ym Sagoz the Greedy
  1624 | D:2      | Learned a level 3 spell: Spider Form
  1933 | D:2      | Reached XP level 4. HP: 29/32 MP: 7/7
  1977 | D:2      | Found a runed door.
  2078 | D:2      | Slain by a worm

Vault maps used:
D:1:      dpeg_arrival_circle_labyrinth_c
D:2:      lemuel_crystal_altar, first_bread, minmay_misc_feat_plants,
          uniq_crazy_yiuf_cottage

Skill      XL: |  1  2 |
---------------+-------+-----
Transmutations | 3 |  3.7
Unarmed Combat | 4 |  4.7
Fighting       | |  1.1
Dodging        | |  2.6
Spellcasting   | |  2.0

Action                   |  1- 3 |  4- 6 || total
-------------------------+-------+-------++-------
Melee: Unarmed           |   137 |    18 ||   155
       Headbutt          |     1 |       ||     1
       Punch             |     1 |       ||     1
 Cast: Beastly Appendage |     3 |       ||     3
       Sticks to Snakes  |     1 |       ||     1
  Use: Potion            |     2 |       ||     2
 Stab: Invisible         |     2 |       ||     2
       Sleeping          |     2 |       ||     2
  Eat: Chunk             |     2 |       ||     2
Armor: Robe              |    21 |       ||    21
Dodge: Dodged            |    91 |     8 ||    99
